Map: Ultralove

Players

ManlyManMeat - Winner!

  • Race: Protoss Protoss
  • League: Master
  • Spawn Location: 7:00

Alper

  • Race: Protoss Protoss
  • League: Platinum
  • Spawn Location: 1:00

VOD

Have the link to the VOD?

Description

Time

  • Played on: June 14, 2025, 12:39 p.m.
  • Length: 5:33
Show
View Real Time Build Order
Export as new Build Order

ManlyManMeat Protoss - Winner!

Build Orders: 1 Gate Expand, Double Forge 

Get SALT Encoding   

  12  0:00  Probe  
  13  0:12  Probe  
  14  0:19  Pylon  
  14  0:24  Probe  
  15  0:36  Probe  
  16  0:43  Gateway  
  16  0:44  Probe  
  17  1:05  Assimilator  
  17  1:07  Probe  
  18  1:19  Probe  
  19  1:32  Cybernetics Core  
  19  1:35  Gateway  
  19  1:44  Nexus  
  19  1:51  Probe  
  19  1:53  Assimilator  
  20  2:01  Warp Gate  
  20  2:06  Probe  
  21  2:15  Stalker  
  23  2:44  Stalker  
  23  2:52  Stalker  
  23  2:53  Pylon  
  23  2:55  Probe  
  29  2:58  Probe  
  29  3:08  Probe  
  29  3:10  Probe  
  31  3:14  Robotics Facility  
  31  3:20  Probe  
  31  3:22  Forge  
  31  3:24  Twilight Council  
  31  3:55  Stalker x2  
  35  4:01  Immortal  
  39  4:18  Probe  
  39  4:21  Probe  
  41  4:26  Probe  
  41  4:27  Stalker  
  41  4:28  Stalker  
  46  4:41  Pylon  
  46  4:44  Shield Battery  
  46  4:59  Forge, Probe x2  
  48  5:01  Stargate  
  48  5:11  Probe  
Show
View Real Time Build Order
Export as new Build Order

Alper Protoss 

Build Orders:  

Get SALT Encoding   

  12  0:01  Probe  
  13  0:17  Probe  
  13  0:19  Pylon  
  14  0:29  Probe  
  15  0:38  Gateway  
  15  0:43  Probe, Assimilator  
  16  0:51  Probe  
  17  1:07  Probe  
  18  1:17  Probe  
  18  1:25  Probe  
  19  1:29  Cybernetics Core  
  19  1:31  Pylon  
  20  1:34  Probe  
  21  1:45  Assimilator  
  21  1:46  Probe  
  22  1:57  Gateway  
  22  2:00  Probe  
  23  2:02  Warp Gate  
  23  2:07  Twilight Council  
  23  2:15  Probe  
  24  2:33  Gateway  
  24  2:35  Resonating Glaives  
  24  2:36  Gateway  
  24  2:38  Pylon  
  24  2:50  Adept  
  26  2:56  Adept  
  28  3:03  Pylon  
  28  3:13  Probe  
  29  3:22  Pylon  
  29  3:25  Probe  
  30  3:30  Pylon  
  30  3:37  Pylon  
  29  3:50  Adept x2  
  29  3:51  Adept  
  29  3:55  Sentry  
  35  4:15  Stalker x2  
  35  4:16  Stalker  
  35  4:48  Nexus  
  35  4:51  Pylon  
  35  4:59  Robotics Facility  
  35  5:05  Forge  
  35  5:08  Probe  
  36  5:17  Shield Battery  
Tags
 
Add a new tag
Caveats
  • Supply blocks, unpowered buildings, or Contaminate may cause inaccurate times.
  • Supply counts are checked every 10 seconds.